AoeStats
← Benj. Franklin

Arena

507784116Analyzed
2v2 RM · 11d ago on Sep 19, 2026· 47m 58s· 4 players
Game mode
Random Map
Map size
Medium (4 player)
Population
200
Speed
Normal
Resources
Standard
Victory
Conquest
Starting age
Dark Age
Ending age
Imperial Age
RankedLock teamsTeams togetherTeam positionsShared explorationLock speedFull tech treeHidden civsTurbo modeCheats
Victory
Defeat
🇱🇹 Mongols · Lithuania
878
+37
🇱🇹 Aztecs · Lithuania
826
+37
🇧🇷 Shu · Brazil
851
-16
🇹🇷 Bulgarians · Türkiye
825
-15
coogel8089
12:31 Feudal Age
14:46 Double-Bit Axe
17:41 Castle Age
16:46 Forging
16:44 Gold Mining
17:28 Scale Mail Armor
20:11 Chain Mail Armor
21:35 Fletching
27:34 Bodkin Arrow
27:40 Padded Archer Armor
31:02 Wheelbarrow
38:25 Leather Archer Armor
aroldera
8:08 Loom
10:50 Feudal Age
15:08 Castle Age
15:48 Double-Bit Axe
16:57 Horse Collar
17:17 Fletching
17:38 Gold Mining
24:29 Wheelbarrow
25:23 Padded Archer Armor
25:18 Stone Mining
27:33 Hand Cart
30:19 Imperial Age
29:11 Bodkin Arrow
30:46 Crossbowman
31:33 Thumb Ring
31:46 Leather Archer Armor
31:42 Forging
32:32 Arbalester
33:52 Conscription
37:05 Town Watch
37:53 Bolt Magazine
38:35 Bracer
39:05 Ring Archer Armor
39:00 Ballistics
40:09 Gold Shaft Mining
Benj. Franklin
10:14 Feudal Age
15:31 Castle Age
16:05 Double-Bit Axe
17:13 Horse Collar
17:58 Stone Mining
21:27 Loom
22:23 Heavy Plow
24:15 Scale Mail Armor
26:40 Wheelbarrow
26:18 Bow Saw
27:52 Forging
28:43 Hand Cart
31:05 Stone Shaft Mining
30:23 Gold Mining
33:10 Imperial Age
31:49 Gold Shaft Mining
33:15 Iron Casting
33:41 Chain Mail Armor
34:56 Conscription
36:22 Elite Skirmisher
38:10 Crop Rotation
38:56 Onager
40:32 Siege Onager
41:59 Ballistics
46:27 Chemistry
47:10 Siege Engineers
Rimtega
8:51 Loom
10:36 Feudal Age
8:55 Loom
10:40 Feudal Age
11:34 Double-Bit Axe
18:13 Castle Age
24:30 Loom
26:38 Bow Saw
30:25 Stone Mining
36:08 Horse Collar
40:31 Imperial Age
38:39 Wheelbarrow
38:23 Pikeman
42:19 Chemistry
41:24 Siege Engineers
41:49 Heavy Plow
44:01 Onager
Connection lost

Rejoining the realm…

Still unreachable

The connection could not be restored.

Session expired

The server has moved on; the page needs a fresh start.